 Dungeon Crawl Stone Soup version 0.22-a0-613-g65b8144 (webtiles) character file.

13407 Golrad the Fighter (level 11, -5/107 HPs)
             Began as a Minotaur Fighter on July 19, 2018.
             Was a High Priest of Okawaru.
             Slain by Snorg (12 damage)
             ... on level 1 of the Orcish Mines.
             The game lasted 00:33:00 (12190 turns).

Golrad the Fighter (Minotaur Fighter)              Turns: 12190, Time: 00:33:01

Health: -5/107     AC: 16    Str: 23    XL:     11   Next: 75%
Magic:  9/14       EV: 10    Int:  5    God:    Okawaru [*****.]
Gold:   700        SH:  0    Dex: 13    Spells: 10/10 levels left

rFire    . . .     SeeInvis .   F - +2 war axe (freeze)
rCold    + . .     Gourm    .   (no shield)
rNeg     . . .     Faith    +   O - +3 chain mail {rC+}
rPois    +         Spirit   .   E - +1 hat
rElec    .         Reflect  .   h - +0 cloak
rCorr    .         Harm     .   (no gloves)
MR       .....                  (no boots)
Stlth    ..........             A - amulet of faith
HPRegen  0.27/turn              G - ring of poison resistance
MPRegen  0.14/turn              a - +2 ring of dexterity

@: finesse
A: retaliatory headbutt, horns 2
a: Heroism, Finesse, Renounce Religion


You were on level 1 of the Orcish Mines.
You worshipped Okawaru.
Okawaru was extremely pleased with you.
You were not hungry.

You visited 3 branches of the dungeon, and saw 14 of its levels.
You also visited: Sewer.

You collected 700 gold pieces.

Inventory:

Hand Weapons
 C - a +0 shortbow of flaming
 F - a +2 war axe of freezing (weapon)
Missiles
 v - 5 tomahawks of returning (quivered)
 D - 220 arrows
Armour
 h - a +0 cloak (worn)
 E - a +1 hat (worn)
 O - a +3 chain mail of cold resistance (worn)
Jewellery
 a - a +2 ring of dexterity (right hand)
 b - an uncursed ring of fire
 j - the amulet "Niufapt" {Inacc Str+3}
   (You found it on level 5 of the Dungeon)

   [amulet of inaccuracy]

   It reduces the accuracy of all your attacks.
   It affects your strength (+3).
 A - an amulet of faith (around neck)
 G - a ring of poison resistance (left hand)
 J - an uncursed ring of ice {unknown}
Scrolls
 g - 2 scrolls of enchant weapon
 i - 5 scrolls of teleportation
 k - 7 scrolls of amnesia
 o - 3 scrolls of remove curse
 p - a scroll of fog {unknown}
 s - a scroll of magic mapping
 t - 2 scrolls of immolation
 x - 3 scrolls of enchant armour
 y - 2 scrolls of fear
Potions
 c - a potion of agility
 d - 2 potions of might
 e - a potion of resistance {unknown}
 l - a potion of invisibility
 n - 2 potions of lignification {unknown}
 q - 5 potions of brilliance
 r - 4 potions of heal wounds
 w - 6 potions of curing
 z - a potion of haste
 B - 4 potions of flight
 H - a potion of berserk rage {unknown}
Comestibles
 f - 15 rations


   Skills:
 + Level 13.1 Fighting
 - Level 11.5 Axes
 - Level 8.9 Bows
 - Level 9.1 Armour
 * Level 3.0 Dodging
   Level 3.6 Shields
 - Level 5.4 Invocations


You had 10 spell levels left.
You didn't know any spells.
Your spell library contained the following spells:

 Spells                   Type           Power        Failure   Level  Hunger
 Cause Fear               Hex            #.........   100%        4    #####..
 Spider Form              Tmut/Pois      #.........   100%        3    ####...
 Blade Hands              Tmut           #.........   100%        5    ######.
 Ice Form                 Ice/Tmut       #.......     100%        4    #####..
 Deflect Missiles         Chrm/Air       #.........   100%        6    #######
 Sticks to Snakes         Tmut           #.......     99%         2    ###....
 Silence                  Hex/Air        #.........   100%        5    ######.
 Beastly Appendage        Tmut           #.....       97%         1    ##.....
 Discord                  Hex            #.........   100%        8    #######
 Yara's Violent Unravell  Hex/Tmut       #.........   100%        5    ######.


Dungeon Overview and Level Annotations

Branches:
Dungeon (11/15)            Temple (1/1) D:5            Lair (0/6) D:11
    Orc (2/2) D:10
    Elf: Orc:2

Altars:
Ashenzari
Cheibriados
Gozag
Hepliaklqana
Kikubaaqudgha
Makhleb
Okawaru
Qazlal
Ru
Sif Muna
Trog
Vehumet
Wu Jian
Yredelemnul

Shops:
D:10 =

Annotations:
D:10 1 runed door
Orc:1 Snorg


Innate Abilities, Weirdness & Mutations

You reflexively headbutt those who attack you in melee.
You have a pair of horns on your head.


Message History

Things that are here:
a giant club; an ogre corpse Snorg bites you!
Snorg claws you. Snorg closely misses you.
Unknown command.
Snorg bites you!
* * * LOW HITPOINT WARNING * * *
Snorg claws you but does no damage. Snorg claws you.
* * * LOW HITPOINT WARNING * * *
The orc barely misses you. You furiously retaliate!
You headbutt the orc.
You kill the orc!
Okawaru accepts your kill. Snorg bites you but does no damage.
Snorg claws you but does no damage. Snorg claws you!
* * * LOW HITPOINT WARNING * * *
You can now deal lightning-fast blows.
Snorg bites you but does no damage. Snorg misses you. Snorg claws you!
* * * LOW HITPOINT WARNING * * *
Snorg barely misses you. You furiously retaliate!
You headbutt Snorg. Snorg claws you!
You die...

### ####.###
#.##...#
####.....##
##.##.)#o..###
##......#.T...##
#.).)o.##.@....##
#.[>.#####......#
#.#[...##.....#.#
###.....##....###
##.........##
#........##
##.......#
##......###
#.........##


You could see Snorg (berserk) and an orc.

Vanquished Creatures
  An orc warlord (D:10)
  Harold (D:10)
  A two-headed ogre (D:8)
  The ghost of avis the Transmogrifier, a novice OpTm of Ru (D:8)
  An orc sorcerer (Orc:1)
  A gargoyle (D:10)
  A centaur skeleton (D:10)
  The ghost of avis the Insei, a novice OpTm (D:4)
  A troll (D:10)
  A hippogriff (D:8)
  A wraith (D:10)
  Grum (D:10)
  Eustachio (D:4)
  12 yaks
  A hungry ghost (D:9)
  A warg (Orc:1)
  An ice beast (D:5)
  11 orc warriors
  4 sky beasts
  10 ogres
  3 wolves (D:10)
  2 phantoms
  4 centaurs
  3 big kobolds
  8 bullfrogs
  A wyvern zombie (D:9)
  3 scorpions
  13 killer bees
  3 wights (D:8)
  5 howler monkeys
  A bullfrog zombie (D:5)
  A centaur zombie (D:7)
  5 crimson imps
  2 jellies (D:9)
  10 orc wizards
  3 hounds
  5 orc priests
  5 bullfrog skeletons
  An iguana (D:6)
  9 worker ants
  A hound skeleton (D:4)
  A worker ant zombie (D:9)
  13 adders
  9 river rats
  2 shadow imps
  An adder skeleton (D:4)
  2 worms
  3 dart slugs
  8 leopard geckos
  44 orcs
  6 ball pythons
  4 giant cockroaches
  12 goblins
  5 hobgoblins
  3 jackals (D:7)
  8 quokkas
  11 bats
  7 frilled lizards
  A giant cockroach zombie (D:5)
  31 kobolds
  A leopard gecko zombie (D:7)
  A quokka skeleton (D:8)
  A quokka zombie (D:9)
  20 rats
  A spectral orc (D:9)
336 creatures vanquished.

Notes
Turn   | Place    | Note
-------+----------+-------------------------------------------
     0 | D:1      | Golrad the Minotaur Fighter began the quest for the Orb.
     0 | D:1      | Reached XP level 1. HP: 19/19 MP: 0/0
    43 | D:1      | Reached skill level 4 in Fighting
    96 | D:1      | Reached XP level 2. HP: 25/27 MP: 1/1
   804 | D:2      | Reached XP level 3. HP: 33/34 MP: 2/2
  1070 | D:2      | Reached skill level 5 in Fighting
  1489 | D:3      | Reached XP level 4. HP: 42/42 MP: 3/3
  1560 | D:3      | Found a snail-covered altar of Cheibriados.
  1912 | D:3      | Found a faded altar of an unknown god.
  2109 | D:4      | Reached XP level 5. HP: 33/50 MP: 4/4
  2152 | D:4      | Noticed Eustachio
  2172 | D:4      | Reached skill level 5 in Armour
  2175 | D:4      | Killed Eustachio
  2175 | D:4      | Reached skill level 5 in Axes
  2175 | D:4      | Reached XP level 6. HP: 30/57 MP: 5/5
  2346 | D:4      | Noticed avis's ghost (novice OpTm)
  2362 | D:4      | Killed avis's ghost
  2362 | D:4      | Reached XP level 7. HP: 53/62 MP: 6/6
  2617 | D:4      | Got a warped leather armour
  2620 | D:4      | Identified the +1 leather armour of the Shoals {-Tele rCorr Dex+6} (You found it on level 4 of the Dungeon)
  3067 | D:5      | Entered Level 5 of the Dungeon
  3075 | D:5      | Got a sparkling iron amulet
  3121 | D:5      | Reached XP level 8. HP: 33/70 MP: 7/7
  3283 | D:5      | Found a glowing drain.
  3287 | Sewer    | Entered a sewer
  3343 | Sewer    | Reached skill level 6 in Fighting
  3386 | Sewer    | Reached skill level 1 in Dodging
  3793 | D:5      | Reached skill level 7 in Fighting
  3816 | D:5      | Found a staircase to the Ecumenical Temple.
  3836 | Temple   | Entered the Ecumenical Temple
  3844 | Temple   | Became a worshipper of Warmaster Okawaru
  3854 | D:5      | Identified the amulet "Niufapt" {Inacc Str+3} (You found it on level 5 of the Dungeon)
  4141 | D:5      | Found an ancient bone altar of Kikubaaqudgha.
  4590 | D:5      | Reached skill level 1 in Bows
  4746 | D:6      | Reached skill level 8 in Fighting
  4846 | D:6      | Found a sacrificial altar of Ru.
  4865 | D:6      | Reached * piety under Okawaru
  4915 | D:6      | Reached XP level 9. HP: 51/81 MP: 8/8
  5931 | D:7      | Found a radiant altar of Vehumet.
  5960 | D:7      | Reached skill level 5 in Bows
  6105 | D:7      | Reached skill level 9 in Fighting
  6109 | D:7      | Reached ** piety under Okawaru
  6840 | D:8      | Noticed avis's ghost (novice OpTm)
  6854 | D:8      | Killed avis's ghost
  6917 | D:8      | Found a stormy altar of Qazlal.
  6944 | D:8      | Reached skill level 10 in Fighting
  6945 | D:8      | Noticed a two-headed ogre
  6959 | D:8      | Killed a two-headed ogre
  6959 | D:8      | Reached *** piety under Okawaru
  6959 | D:8      | Reached XP level 10. HP: 26/93 MP: 9/9
  7261 | D:8      | Reached skill level 10 in Axes
  7707 | D:8      | Received a gift from Okawaru
  8072 | D:9      | Reached **** piety under Okawaru
  8174 | D:9      | Reached skill level 11 in Fighting
  8466 | D:9      | Found a basalt altar of Yredelemnul.
  8611 | D:9      | Reached ***** piety under Okawaru
  8942 | D:9      | Found an opulent altar of Gozag.
  9051 | D:10     | Entered Level 10 of the Dungeon
  9076 | D:10     | Found Atwidghu's Jewellery Boutique.
  9082 | D:10     | Received a gift from Okawaru
  9122 | D:10     | Reached XP level 11. HP: 104/104 MP: 10/10
  9140 | D:10     | Noticed Harold
  9151 | D:10     | Killed Harold
  9157 | D:10     | Reached skill level 12 in Fighting
  9540 | D:10     | Found a staircase to the Orcish Mines.
  9550 | D:10     | HP: 3/104 [gargoyle/stone arrow (24)]
  9843 | D:10     | Noticed Grum
  9854 | D:10     | Killed Grum
  9973 | D:10     | Found a runed door.
  9973 | D:10     | Noticed a sixfirhy
 10008 | D:10     | Received a gift from Okawaru
 10017 | D:10     | Got an ichor-stained halberd {god gift}
 10018 | D:10     | Identified the +9 halberd "Moungam" {freeze, +Fly Str+2 Int+3} (Okawaru gifted it to you on level 10 of the Dungeon)
 10373 | D:11     | Got a warped hand axe
 10375 | D:11     | Identified the cursed +1 hand axe of Derghos {drain, MR- MP+9 Str+5 SInv} (You found it on level 11 of the Dungeon)
 10414 | D:11     | Noticed a death yak
 10414 | D:11     | Noticed a death yak
 10414 | D:11     | Noticed a death yak
 10415 | D:11     | Found a staircase to the Lair.
 10415 | D:11     | Noticed a death yak
 10416 | D:11     | Noticed a death yak
 10747 | Orc:1    | Entered Level 1 of the Orcish Mines
 10771 | Orc:1    | Reached skill level 13 in Fighting
 10774 | Orc:1    | Noticed an orc warlord
 11049 | D:10     | HP: 3/107 [orc warlord/enchanted long sword (13)]
 11484 | D:10     | Killed an orc warlord
 11840 | Orc:1    | Noticed an orc sorcerer
 11851 | Orc:1    | Killed an orc sorcerer
 11855 | Orc:1    | Reached skill level 5 in Invocations
 12157 | Orc:2    | Entered Level 2 of the Orcish Mines
 12158 | Orc:2    | Noticed Snorg
 12190 | Orc:1    | Slain by Snorg

Vault maps used:
D:1:      scummos_arrival_forest
D:3:      lemuel_coloured_pillars_altar, chequers_ecumenical_altar_simple
D:4:      first_ration, minmay_misc_feat_doors, uniq_eustachio
D:5:      kennysheep_mini, temple_doors_e, gup_sewer_entry_bowl
D:6:      serial_corexii_hall, corexii_hall_statues_deadend,
          corexii_hall_statues_t, minivault_19, nicolae_ru_awakened_eye
D:7:      basic_altar
D:8:      basic_altar, grunt_ogre_cave
D:9:      yredelemnul_forgotten_temple_becter, lemuel_crystal_altar,
          kennysheep_generic_room_5
D:10:     cheibrodos_shockbox, orc_0_dummy, serial_shops,
          nicolae_shop_waterfront, kennysheep_generic_room_9, uniq_grum,
          uniq_harold
D:11:     dpeg_lair_monsters
Temple:   eino_narrow_crystal_temple
Orc:1:    enter_bailey_3
Orc:2:    st_orc_open, uniq_sonja, uniq_maurice, uniq_snorg
Sewer:    sewer_minmay_treatment

Skill      XL: |  1  2  3  4  5  6  7  8  9 10 11 |
---------------+----------------------------------+-----
Fighting       | 4 5 8 10 11 13 | 13.1
Axes           | 3 4 5 6 7 9 10 11 | 11.5
Armour         | 4 5 7 8 9 |  9.1
Dodging        | 3 |  3.0
Bows           | 3 6 8 |  8.9
Invocations    | 5 |  5.4
Shields        | |  3.6

Action                   |  1- 3 |  4- 6 |  7- 9 | 10-12 || total
-------------------------+-------+-------+-------+-------++-------
Melee: War axe           |   110 |    61 |   366 |   311 ||   848
       Headbutt          |    23 |     9 |    66 |    74 ||   172
       Punch             |       |       |       |     1 ||     1
 Fire: Shortbow          |       |       |     3 |    29 ||    32
Throw: Tomahawk          |       |       |     8 |       ||     8
Invok: Heroism           |       |       |       |     2 ||     2
       Finesse           |       |       |       |     1 ||     1
  Use: Scroll            |     1 |       |     6 |    16 ||    23
       Potion            |       |       |       |     7 ||     7
  Eat: Chunk             |     2 |     3 |    15 |     5 ||    25
       Ration            |       |       |       |     5 ||     5
Armor: Scale mail        |    47 |    12 |       |       ||    59
       Chain mail        |       |    46 |   205 |   177 ||   428
Dodge: Dodged            |    35 |    30 |   158 |   171 ||   394
Block: Shield            |    60 |    38 |    84 |       ||   182

Table legend:
 A = Spawn XP
 B = Non-spawn XP
 C = Spawn XP percentage of total XP
 D = Spawn monster count
 E = Non-spawn monster count
 F = Spawn count percentage of total count
 G = Total turns spent on level
                    A         B        C        D         E        F      G
               +---------+---------+-------+---------+---------+-------+---------
         Total |       0 |   19154 |   0.0 |       0 |     336 |   0.0 | 12190
               +---------+---------+-------+---------+---------+-------+---------
           D:1 |       0 |      32 |   0.0 |       0 |      21 |   0.0 |   769
           D:2 |       0 |      39 |   0.0 |       0 |      20 |   0.0 |   794
           D:3 |       0 |      79 |   0.0 |       0 |      20 |   0.0 |   707
           D:4 |       0 |    1024 |   0.0 |       0 |      19 |   0.0 |  1035
           D:5 |       0 |     942 |   0.0 |       0 |      27 |   0.0 |   915
           D:6 |       0 |     840 |   0.0 |       0 |      19 |   0.0 |  1169
           D:7 |       0 |     943 |   0.0 |       0 |      24 |   0.0 |  1056
           D:8 |       0 |    3108 |   0.0 |       0 |      34 |   0.0 |  1072
           D:9 |       0 |    3064 |   0.0 |       0 |      49 |   0.0 |  1817
          D:10 |       0 |    6546 |   0.0 |       0 |      29 |   0.0 |  1857
         Orc:1 |       0 |    2151 |   0.0 |       0 |      26 |   0.0 |   403
         Sewer |       0 |     386 |   0.0 |       0 |      48 |   0.0 |   487
               +---------+---------+-------+---------+---------+-------+---------
